 Dungeon Crawl Stone Soup version 0.29-a0-333-gb4c28e87c6 (webtiles) character file.

Game seed: 2110443150488970777

124075 hemabe1971 the Tortoise (level 17, -13/135 HPs)
             Began as a Human Artificer on Apr 13, 2022.
             Was a High Priest of Trog.
             Killed from afar by a fenstrider witch (15 damage)
             ... with a toxic sludge
             ... on level 1 of the Swamp.
             The game lasted 01:00:23 (47516 turns).

hemabe1971 the Tortoise (Human Artificer)          Turns: 47516, Time: 01:00:24

Health: -13/135    AC: 31    Str: 18    XL:     17   Next: 47%
Magic:  17/17      EV: 29    Int: 11    God:    Trog [*****.]
Gold:   2686       SH:  0    Dex: 25    Spells: 16/16 levels left

rFire   + + +      SeeInvis +   J - +10 whip of Mul Duer {venom, *Rage rPois Dex+8 Stlth-}
rCold   x . .      Faith    +   Y - orb {guile}
rNeg    . . .      Spirit   .   b - +5 fire dragon scales
rPois   +          Reflect  .   T - +2 hat
rElec   .          Harm     .   a - +2 cloak
rCorr   .          Rampage  .   N - +2 pair of gloves
Will    .....      Rage     20% i - +2 pair of boots "Zoofaq" {rF+ SInv}
Stlth   ++........              w - amulet of faith
HPRegen 0.32/turn               y - +4 ring of evasion
MPRegen 0.15/turn               x - +4 ring of evasion

@: lethally poisoned (-13 -> -20), on berserk cooldown, slowed, very slow
A: no striking features
a: Renounce Religion, Berserk, Trog's Hand, Brothers in Arms


You were on level 1 of the Swamp.
You worshipped Trog.
Trog was extremely pleased with you.
You visited 5 branches of the dungeon, and saw 25 of its levels.
You also visited: Bailey.

You collected 3231 gold pieces.
You spent 545 gold pieces at shops.

Inventory:

Hand Weapons
 p - a +3 antimagic great mace
 t - a +8 demon whip of flaming
 J - the +10 whip of Mul Duer (weapon) {venom, *Rage rPois Dex+8 Stlth-}
   (You found it on level 6 of the Dungeon)

   It poisons the flesh of those it strikes.
   Dex:       It affects your dexterity (+8).
   rPois:     It protects you from poison.
   *Rage:     It berserks you when you make melee attacks (+20% chance).
   Stlth:     It makes you less stealthy.
Missiles
 L - 3 throwing nets
Armour
 a - a +2 cloak (worn)
 b - +5 fire dragon scales (worn)
 i - the +2 pair of boots "Zoofaq" (worn) {rF+ SInv}
   (You acquired it on level 12 of the Dungeon)

   rF:        It protects you from fire.
   SInv:      It lets you see invisible.
 N - a +2 pair of gloves (worn)
 T - a +2 hat (worn)
 Y - an orb of guile (worn)
Jewellery
 k - a ring of protection from cold
 l - a ring of willpower
 s - an amulet of reflection
 w - an amulet of faith (around neck)
 x - a +4 ring of evasion (right hand)
 y - a +4 ring of evasion (left hand)
 C - a +4 ring of protection
 M - a ring of protection from fire
 O - a ring of protection from cold
 X - a ring of see invisible
Wands
 d - a wand of charming (17)
 e - a wand of iceblast (19)
 G - a wand of paralysis (13)
 H - a wand of acid (37)
 P - a wand of flame (46)
 U - a wand of mindburst (3)
 V - a wand of digging (7)
Scrolls
 h - 7 scrolls of vulnerability
 n - 5 scrolls of fog
 o - 14 scrolls of teleportation
 r - 6 scrolls of blinking
 v - a scroll of summoning
 E - 4 scrolls of silence
 I - 4 scrolls of immolation
 K - 4 scrolls of fear
 Q - 2 scrolls of noise
 R - 4 scrolls of magic mapping
 W - 2 scrolls of brand weapon
Potions
 f - 2 potions of cancellation
 g - 10 potions of curing
 j - 6 potions of heal wounds
 m - a potion of haste
 q - a potion of magic
 u - 5 potions of mutation
 z - 5 potions of flight
 A - 2 potions of invisibility
 B - 7 potions of might
 F - 4 potions of lignification
 S - 3 potions of resistance
Miscellaneous
 c - a tin of tremorstones (2/2)
 D - a condenser vane
 Z - a box of beasts


   Skills:
 + Level 12.6 Fighting
 - Level 4.1 Short Blades
 + Level 11.8 Maces & Flails
 + Level 15.9 Armour
 + Level 15.0 Dodging
 + Level 13.7 Stealth
 + Level 12.9 Evocations


You had 16 spell levels left.
You didn't know any spells.
Your spell library contained the following spells:

 Spells                   Type           Power      Damage    Failure   Level
 Sublimation of Blood     Necr           0%         N/A       80%         2
 Wereblood                Tmut           0%         N/A       80%         2
 Summon Hydra             Summ           0%         N/A       100%        7


Dungeon Overview and Level Annotations

Branches:
Dungeon (15/15)            Temple (1/1) D:4            Lair (6/6) D:8
  Swamp (1/4) Lair:4        Snake (0/4) Lair:4        Slime (0/5) Lair:6
    Orc (2/2) D:10            Elf (0/3) Orc:2        Vaults (0/5) D:13
 Depths (0/4) D:15         Bailey (visited)

Altars:
Ashenzari
Cheibriados
Dithmenos
Elyvilon
Fedhas
Gozag
Hepliaklqana
Kikubaaqudgha
Makhleb
Nemelex Xobeh
Okawaru
Qazlal
Ru
Sif Muna
Trog
Uskayaw
Vehumet
Wu Jian
Xom
Yredelemnul
Zin
The Shining One
Beogh
Jiyva

Shops:
D:2 ?   D:7 =   D:9 *   D:11 [   Orc:1 ([:(=   Orc:2 ([=*

Annotations:
Lair:6 1 runed translucent door


Message History

You are too injured to fight recklessly!
You are too injured to fight recklessly!
Unknown command.
A red film seems to cover your vision as you go berserk!
You feel yourself moving faster!
You feel mighty!
The fenstrider witch points at you and mumbles some strange words.
You suddenly lose the ability to move!
The tyrant leech bites you but does no damage.
The fenstrider witch hits you but does no damage.
The fenstrider witch kicks you!
* * * LOW HITPOINT WARNING * * *
The fenstrider witch barely misses you.
The fenstrider witch kicks you but does no damage.
The tyrant leech bites you but does no damage.
The fenstrider witch hits you.
* * * LOW HITPOINT WARNING * * *
The fenstrider witch kicks you but does no damage.
The tyrant leech barely misses you.
The fenstrider witch casts a spell at you.
Your body is wracked with pain!
* * * LOW HITPOINT WARNING * * *
The fenstrider witch casts a spell at you.
You shrug off the repeated paralysis!
The tyrant leech bites you!!
* * * LOW HITPOINT WARNING * * *
The tyrant leech draws strength from your injuries!
The fenstrider witch hits you but does no damage.
The fenstrider witch kicks you but does no damage.
The tyrant leech bites you but does no damage.
You can move again.
You feel a strong urge to attack something.
You enter the shallow water.
Moving in this stuff is going to be slow.
You feel your anger nearly subside.
You are no longer berserk.
You are exhausted.
You feel yourself slow down.
The fenstrider witch casts a spell at you.
The toxic sludge hits you!
You are lethally poisoned!
You partially resist.
You die...

♣.§≈≈..≈≈≈≈≈..♣♣♣♣♣
♣≈.≈≈..≈≈≈...♣♣≈.♣≈
♣♣.........♣♣♣≈..≈.
♣♣♣♣♣♣♣♣...≈≈..♣♣♣♣≈.....
♣.≈..≈♣≈..≈≈≈.........≈♣♣
♣.≈≈..≈♣≈.≈≈≈..≈≈≈≈).).♣♣
♣≈≈≈≈wH..≈≈≈...≈≈≈≈§≈≈..♣
♣♣.≈≈≈...≈≈....≈≈≈≈≈≈≈≈.♣
♣≈≈≈...@≈≈...≈≈≈≈≈≈≈≈≈..
♣♣.>♣♣♣....♣♣≈≈≈≈≈≈≈≈≈≈≈
♣.....≈[..♣♣..≈≈≈≈≈§.≈≈≈
♣..♣♣.≈♣♣♣♣..♣..§≈≈≈.≈≈≈
♣♣. ♣♣♣ ♣≈≈♣≈.≈≈≈≈...≈
♣♣♣♣♣♣♣♣♣♣♣♣♣♣.≈≈≈§.≈♣≈
♣♣.≈≈.♣♣≈.≈.♣♣♣≈.§≈..≈♣♣
♣..≈≈§..≈≈≈≈♣♣≈≈♣......≈
♣♣.≈≈≈≈≈..≈≈≈♣≈...§..♣♣♣♣


You could see a fenstrider witch (poisoned) and a tyrant leech.

Vanquished Creatures
  Jorgrun (Orc:2)
  Gastronok (Lair:3)
  3 orc warlords
  2 stone giants (D:14)
  Nessos (Lair:5)
  A dire elephant (Lair:6)
  2 eleionomae (Swamp:1)
  A fire dragon (D:14)
  Josephine (D:10)
  8 hydras
  2 boulder beetles
  18 two-headed ogres
  5 ogre magi
  2 centaur warriors
  8 death yaks
  The ghost of Olga the Slicer, a journeyman GrEE of Qazlal (Lair:1)
  An alligator (Swamp:1)
  4 tengu warriors
  Sonja (Orc:2)
  Urug (D:10)
  6 spriggans (Swamp:1)
  2 orc high priests (Orc:2)
  3 skeletal warriors (D:13)
  3 goliath frogs (Swamp:1)
  A spriggan druid (Swamp:1)
  A wizard (D:14)
  A bog body (Swamp:1)
  5 orc knights
  A swamp dragon (Swamp:1)
  2 lindwurms (Lair:6)
  5 ugly things (D:14)
  2 deep elf pyromancers
  3 will-o-the-wisps (Swamp:1)
  5 orc sorcerers
  7 cyclopes
  7 centaur zombies (D:12)
  3 manticores
  9 elephants
  Joseph (D:10)
  Maurice (D:12)
  4 black mambas (Lair:6)
  2 gargoyles (D:12)
  6 rime drakes
  3 torpor snails
  19 cane toads
  10 komodo dragons
  2 kobold demonologists (D:13)
  A troll (shapeshifter) (D:13)
  12 trolls
  2 polar bears (Lair:4)
  A queen bee (D:10)
  2 tyrant leeches
  Grinder (D:6)
  A blink frog (shapeshifter) (D:13)
  3 meliai (D:14)
  A tarantella (shapeshifter) (D:12)
  4 hornets (Swamp:1)
  9 slime creatures
  2 dream sheep (Lair:6)
  20 blink frogs
  4 wyverns
  A meliai zombie (D:12)
  57 yaks
  A yak (shapeshifter) (D:14)
  8 wraiths
  2 steam dragons (D:9)
  Grum (D:9)
  9 basilisks
  6 wargs
  17 vampire mosquitoes
  5 swamp worms (Swamp:1)
  11 water moccasins
  A naga (Lair:4)
  2 acid dragons
  A sky beast (D:5)
  An ice beast (D:3)
  3 black bears
  2 black bears (shapeshifter)
  42 orc warriors
  10 ogres
  16 wolves
  4 boggarts (D:14)
  8 centaurs
  2 kobold brigands
  17 bullfrogs
  3 scorpions
  4 necrophages (D:12)
  5 wights
  28 killer bees
  A howler monkey (D:7)
  5 electric eels
  4 lava snakes (D:11)
  A crimson imp (D:4)
  15 orc priests
  6 hounds
  Terence (D:3)
  8 iguanas
  35 orc wizards
  A hell rat (Lair:6)
  4 mummies (D:12)
  4 adders
  A shadow imp (D:6)
  2 white imps
  An ufetubus (D:5)
  A worm (D:2)
  2 dart slugs
  101 orcs
  4 ball pythons
  6 endoplasms
  2 giant cockroaches
  9 goblins
  5 hobgoblins
  2 jackals (D:1)
  11 kobolds
  2 quokkas (D:1)
  9 bats
  A frilled lizard (D:1)
  A quokka zombie (D:6)
  6 rats
  A fire vortex (D:11)
760 creatures vanquished.

Vanquished Creatures (collateral kills)
  A stone giant (D:14)
  A two-headed ogre (D:14)
  2 orc knights (D:14)
  5 orc warriors
  A centaur (Bailey)
  An orc (Bailey)
  A hobgoblin (D:3)
12 creatures vanquished.

Vanquished Creatures (others)
  A tengu conjurer (D:14)
  A centaur (Bailey)
  A killer bee (D:10)
  2 orc wizards
  Robin (D:3)
  An orc (Bailey)
  A bush (Lair:6)
  16 foxfires (Swamp:1)
  37 fungi
  27 plants
  5 withered plants (D:12)
93 creatures vanquished.

Grand Total: 865 creatures vanquished

Notes
Turn   | Place    | Note
-------+----------+-------------------------------------------
     0 | D:1      | hemabe1971 the Human Artificer began the quest for the Orb.
     0 | D:1      | Reached XP level 1. HP: 15/15 MP: 1/1
   316 | D:1      | Reached XP level 2. HP: 7/21 MP: 2/2
   542 | D:1      | Found a faded altar of an unknown god.
  1106 | D:1      | Reached XP level 3. HP: 16/26 MP: 3/3
  1978 | D:2      | Found Nakeg's Magic Scroll Boutique.
  2217 | D:2      | Bought a scroll of identify for 22 gold pieces
  2217 | D:2      | Bought a scroll of teleportation for 33 gold pieces
  2217 | D:2      | Bought a scroll of identify for 22 gold pieces
  2217 | D:2      | Bought a scroll of fog for 22 gold pieces
  2552 | D:3      | Noticed an ice beast
  2555 | D:3      | Reached XP level 4. HP: 32/32 MP: 4/4
  2563 | D:3      | Killed an ice beast
  2564 | D:3      | Reached skill level 1 in Short Blades
  2564 | D:3      | Reached XP level 5. HP: 15/38 MP: 5/5
  2805 | D:3      | Found an ancient bone altar of Kikubaaqudgha.
  2836 | D:3      | Noticed Robin
  2871 | D:3      | Your ally Robin died
  3276 | D:3      | Noticed Terence
  3290 | D:3      | Killed Terence
  3458 | D:3      | Found a shadowy altar of Dithmenos.
  3822 | D:4      | Found a staircase to the Ecumenical Temple.
  3828 | D:4      | Reached XP level 6. HP: 44/44 MP: 6/6
  3881 | Temple   | Entered the Ecumenical Temple
  4054 | Temple   | Became a worshipper of Trog the Wrathful
  4858 | D:4      | Found a sacrificial altar of Ru.
  4858 | D:4      | Noticed a water moccasin
  4859 | D:4      | Found a hide-covered altar of Uskayaw.
  4859 | D:4      | Found a broken altar of Ashenzari.
  4862 | D:4      | Killed a water moccasin
  4863 | D:4      | Reached XP level 7. HP: 51/51 MP: 7/7
  5174 | D:5      | Entered Level 5 of the Dungeon
  5535 | D:5      | Found a shimmering blue altar of Sif Muna.
  5692 | D:5      | Found a glowing golden altar of the Shining One.
  5781 | D:5      | Reached XP level 8. HP: 24/58 MP: 8/8
  6562 | D:6      | Noticed Grinder
  6585 | D:6      | Reached * piety under Trog
  6600 | D:6      | Paralysed by Grinder for 7 turns
  6642 | D:6      | Killed Grinder
  6643 | D:6      | Reached skill level 5 in Evocations
  6912 | D:6      | Reached XP level 9. HP: 19/65 MP: 9/9
  7929 | D:6      | Identified the +10 whip of Mul Duer {venom, *Rage rPois
                  | Dex+8 Stlth-}
  7974 | D:7      | Identified a scroll of acquirement
  7975 | D:7      | Acquired a manual of Dodging
  7993 | D:7      | Reached skill level 5 in Stealth
  8040 | D:7      | Reached skill level 5 in Armour
  8043 | D:7      | Found a flagged portal.
  8053 | Bailey   | Entered a bailey
  8095 | Bailey   | Reached skill level 1 in Maces & Flails
  8282 | Bailey   | Reached skill level 5 in Dodging
  8508 | Bailey   | Reached skill level 5 in Fighting
  8869 | Bailey   | Reached XP level 10. HP: 66/74 MP: 10/10
  8886 | Bailey   | Reached ** piety under Trog
  9779 | D:7      | Found Nofaomil's Jewellery Boutique.
  9883 | D:7      | Found a burning altar of Makhleb.
 10021 | D:7      | Identified the +0 leather armour of Ligrigeh {Str+4}
 10371 | D:8      | Noticed a two-headed ogre
 10390 | D:8      | Killed a two-headed ogre
 10687 | D:8      | Reached *** piety under Trog
 10884 | D:8      | Reached XP level 11. HP: 78/83 MP: 11/11
 11441 | D:8      | Found a staircase to the Lair.
 11731 | D:8      | Noticed a tengu warrior
 11742 | D:8      | Killed a tengu warrior
 11999 | D:8      | Reached skill level 5 in Maces & Flails
 12326 | D:8      | Noticed a two-headed ogre
 12333 | D:8      | Killed a two-headed ogre
 12877 | D:9      | Found Umnaoroz's Assorted Antiques.
 12885 | D:9      | Noticed Grum
 12898 | D:9      | Reached **** piety under Trog
 12903 | D:9      | Killed Grum
 12904 | D:9      | Found an iron altar of Okawaru.
 13888 | D:10     | Entered Level 10 of the Dungeon
 14106 | D:10     | Found a staircase to the Orcish Mines.
 14129 | D:10     | Noticed Joseph
 14929 | D:10     | Killed Joseph
 15242 | D:10     | Noticed Urug
 15242 | D:10     | Noticed a centaur warrior
 15254 | D:10     | Killed Urug
 15258 | D:10     | Killed a centaur warrior
 15259 | D:10     | Reached XP level 12. HP: 91/91 MP: 12/12
 15681 | Lair:1   | Entered Level 1 of the Lair of Beasts
 15681 | Lair:1   | Found a runed translucent door.
 16440 | Lair:1   | Reached skill level 10 in Dodging
 16663 | Lair:1   | Reached skill level 10 in Armour
 16842 | Lair:1   | Noticed Olga's ghost (journeyman GrEE)
 16896 | Lair:1   | Killed Olga's ghost
 17107 | Lair:2   | Noticed a seven-headed hydra
 17117 | Lair:2   | Killed a seven-headed hydra
 18168 | Lair:2   | Noticed a death yak
 18169 | Lair:2   | Noticed a death yak
 18169 | Lair:2   | Noticed a death yak
 18169 | Lair:2   | Noticed a death yak
 18178 | Lair:2   | Killed a death yak
 18186 | Lair:2   | Killed a death yak
 18187 | Lair:2   | Reached XP level 13. HP: 53/99 MP: 13/13
 19405 | Lair:3   | Noticed a seven-headed hydra
 19412 | Lair:3   | Killed a seven-headed hydra
 19499 | Lair:3   | Reached ***** piety under Trog
 19888 | Lair:3   | Noticed Gastronok
 19904 | Lair:3   | Killed Gastronok
 19905 | Lair:3   | Reached skill level 10 in Stealth
 20386 | Lair:3   | Identified the +9 long sword of Mazoap {flame, rPois Dex+3}
 21046 | Lair:4   | Noticed a four-headed hydra
 21065 | Lair:4   | Killed a four-headed hydra
 21408 | Lair:4   | Found a staircase to the Snake Pit.
 21890 | Lair:4   | Found a staircase to the Swamp.
 22565 | Lair:4   | Reached skill level 10 in Evocations
 23436 | Lair:5   | Reached XP level 14. HP: 108/108 MP: 14/14
 24346 | Lair:5   | Noticed Nessos
 24366 | Lair:5   | Killed Nessos
 25052 | Lair:6   | Entered Level 6 of the Lair of Beasts
 26078 | Lair:6   | Reached skill level 10 in Fighting
 26443 | Lair:6   | Found a runed translucent door.
 26443 | Lair:6   | Found a viscous altar of Jiyva.
 26443 | Lair:6   | Noticed an acid blob
 26444 | Lair:6   | Found a staircase to the Slime Pits.
 26444 | Lair:6   | Noticed an acid blob
 26756 | Lair:6   | Received a gift from Trog
 27180 | Lair:6   | Noticed a dire elephant
 27218 | Lair:6   | Killed a dire elephant
 29317 | Lair:6   | Reached XP level 15. HP: 117/117 MP: 15/15
 29983 | D:10     | Received a gift from Trog
 29993 | D:10     | Noticed Josephine
 31042 | D:10     | Killed Josephine
 31836 | D:10     | Identified the +10 short sword "Qesh" {vorpal, rCorr}
 32605 | D:11     | Found Lale's Armour Shop.
 32885 | D:11     | Received a gift from Trog
 33655 | D:12     | Reached skill level 10 in Maces & Flails
 34080 | D:12     | Acquired the +2 pair of boots "Zoofaq" {rF+ SInv}
 34343 | D:12     | Noticed Maurice
 34351 | D:12     | Paralysed by Maurice for 7 turns
 34360 | D:12     | Killed Maurice
 36097 | D:13     | Found a gate to the Vaults.
 36981 | D:13     | Received a gift from Trog
 37996 | D:14     | Reached XP level 16. HP: 126/126 MP: 16/16
 38605 | D:14     | Reached skill level 15 in Armour
 39183 | D:14     | Found a transporter.
 39378 | D:14     | Received a gift from Trog
 39694 | D:14     | Found a transporter.
 40149 | D:14     | Identified the +1 pair of boots "Faca" {MP+9 Str+3 Int+3}
 40263 | D:15     | Entered Level 15 of the Dungeon
 40939 | D:15     | Paralysed by an ogre mage for 2 turns
 41234 | D:15     | Found a staircase to the Depths.
 41810 | D:15     | Found a bloodstained altar of Trog.
 41812 | D:15     | Found a sparkling altar of Nemelex Xobeh.
 41812 | D:15     | Found a sparkling altar of Nemelex Xobeh.
 41814 | D:15     | Found a broken altar of Ashenzari.
 41814 | D:15     | Found a snail-covered altar of Cheibriados.
 41814 | D:15     | Found a shimmering altar of Xom.
 42041 | Orc:1    | Entered Level 1 of the Orcish Mines
 42041 | Orc:1    | Found Danto's Jewellery Shoppe.
 42238 | Orc:1    | Found Gial's Weapon Boutique.
 42328 | Orc:2    | Entered Level 2 of the Orcish Mines
 42328 | Orc:2    | Found Afaejep's Antique Armour Shoppe.
 42496 | Orc:2    | Found Yhiog's Jewellery Emporium.
 43065 | Orc:2    | Received a gift from Trog
 43373 | Orc:2    | Found a staircase to the Elven Halls.
 43475 | Orc:2    | Bought a pair of fine gloves for 209 gold pieces
 43475 | Orc:2    | Identified the +0 pair of gloves "Cudopp" {Will+ rCorr}
                  | (You bought it in a shop on level 2 of the Orcish Mines)
 43475 | Orc:2    | Bought an embroidered cloak for 165 gold pieces
 43596 | Orc:2    | Reached XP level 17. HP: 133/133 MP: 17/17
 43601 | Orc:2    | Found Mualesh's Antique Weapon Shoppe.
 43671 | Orc:2    | Noticed Jorgrun
 43699 | Orc:2    | Killed Jorgrun
 44267 | Orc:2    | Found Kuvveb's General Store.
 44299 | Orc:2    | Noticed Sonja
 44322 | Orc:2    | Received a gift from Trog
 44325 | Orc:2    | Killed Sonja
 44383 | Orc:2    | Bought a potion of curing for 36 gold pieces
 44383 | Orc:2    | Bought a potion of curing for 36 gold pieces
 44525 | Orc:1    | Found Syirphidgh's Book Shoppe.
 44586 | Orc:1    | Found Imufo's Antique Weapon Emporium.
 45216 | Orc:1    | Found Eddij's Armour Boutique.
 45618 | Swamp:1  | Entered Level 1 of the Swamp
 46916 | Swamp:1  | Reached skill level 15 in Dodging
 47236 | Swamp:1  | Received a gift from Trog
 47508 | Swamp:1  | Paralysed by a fenstrider witch for 6 turns
 47512 | Swamp:1  | HP: 1/202 [tyrant leech (19)]
 47516 | Swamp:1  | Killed from afar by a fenstrider witch

Illustrated notes

Levels and vault maps discovered:
D:1:      dpeg_arrival_tiny_g, layout_loops_ring,
          hellmonk_ecumenical_altar_heavens_door
D:2:      layout_rooms, serial_shops, shop
D:3:      layout_basic, grunt_dithmenos_smoke,
          nicolae_kikubaaqudgha_miasma_corner, kennysheep_nondescript,
          corner_web_ring, uniq_terence, uniq_robin
D:4:      layout_loops_corners, gammafunk_temple_overflow_forgotten,
          minmay_temple_entry_statues_fountains, minmay_fire_ice_demons
D:5:      layout_rooms, overflow_temple_1_default, overflow_temple_1_default,
          corexii_leaking_fountain
D:6:      layout_basic, enter_ossuary_4, minivault_11, uniq_grinder
D:7:      layout_cave_pools, kennysheep_little_box, enter_bailey_2,
          serial_shops, nicolae_lakefront_shop
D:8:      layout_basic, erik_lair_island
D:9:      layout_gridville, general_overflow_altar, nicolae_take_the_stairs,
          grunt_ogre_cave, uniq_grum
D:10:     layout_small_grid, hiddenorc1_lemuel, special_room [special_room_bee],
          minmay_misc_feat_hallway, uniq_josephine, uniq_joseph, uniq_urug
D:11:     layout_long_grid, serial_shops, nicolae_shop_hallway_stairs,
          kennysheep_boxes
D:12:     layout_roguey, serial_undead, serial_undead_b, serial_undead_f,
          serial_undead_f, serial_undead_e, serial_undead_a, serial_undead_f,
          serial_undead_d, serial_undead_a, serial_undead_c, serial_undead_f,
          uniq_maurice
D:13:     four-leaf_vault, layout_grid_maze, david_vaults_2
D:14:     gammafunk_beogh_shrine, layout_gridville, minmay_misc_feat_five
D:15:     grunt_enter_depths_giant_problem, layout_loops_ring,
          doesnt_xom_only_xom
Temple:   dshaligram_water_room_temple
Lair:1:   layout_long_grid, ebering_ghost_reflecting_pool
Lair:2:   layout_gridlike, grunt_megastairs_2
Lair:3:   beast_lair_carwin_large_3, layout_misc_corridors, uniq_gastronok
Lair:4:   layout_layer_cave, minmay_swamp_entry_worms,
          guppyfry_snake_entry_island, serial_bayou_pond_d,
          infiniplex_staircase_pool_2
Lair:5:   layout_regular_city, serial_bayou_shore_a, uniq_nessos
Lair:6:   hangedman_lair_in_review, layout_hall_layers, slime_altar_2,
          infiniplex_staircase_pool
Swamp:1:  layout_basic_swamp, evilmike_swamp_ruin_house_5
Orc:1:    layout_caves, serial_shops, nicolae_shop_hallway_stairs,
          shop_fountains, nicolae_shop_bloodbath_and_beyond,
          nicolae_shop_temple_entry_statues_fountains, nicolae_square_shop,
          mines5_lemuel
Orc:2:    grunt_orc_gardens, layout_caves, grunt_orc_garden, grunt_orc_garden,
          grunt_orc_garden, grunt_orc_garden, uniq_jorgrun, uniq_sonja

Skill      XL: |  1  2  3  4  5  6  7  8  9 10 11 12 13 14 15 16 17 |
---------------+----------------------------------------------------+-----
Stealth        | 2 3 4 5 7 8 9 10 11 12 13 | 13.7
Fighting       | 2 3 4 5 6 7 8 9 10 11 12 | 12.6
Short Blades   | 1 2 3 4 |  4.1
Dodging        | 2 3 4 5 7 9 11 12 13 14 15 | 15.0
Armour         | 3 4 5 7 9 10 12 13 14 15 | 15.9
Evocations     | 4 5 6 7 8 9 10 11 12 | 12.9
Maces & Flails | 2 4 5 7 8 9 10 11 | 11.8

Action                   |  1- 3 |  4- 6 |  7- 9 | 10-12 | 13-15 | 16-18 || total
-------------------------+-------+-------+-------+-------+-------+-------++-------
Melee: Club              |    17 |       |       |       |       |       ||    17
       Short sword       |   134 |   226 |    33 |       |       |       ||   393
       Punch             |     3 |     4 |     4 |    14 |     4 |       ||    29
       Rapier            |       |       |   164 |       |       |       ||   164
       Whip              |       |       |    71 |   531 |  1403 |   934 ||  2939
       Unarmed           |       |       |       |       |       |     9 ||     9
Invok: Berserk           |       |       |     1 |     8 |    10 |     3 ||    22
       Brothers in Arms  |       |       |       |       |       |     3 ||     3
Evoke: Wand              |     5 |    12 |    12 |     2 |     1 |     6 ||    38
       Tin of tremorston |       |       |       |     2 |       |       ||     2
  Use: Scroll            |     3 |       |     5 |     9 |    17 |    13 ||    47
       Potion            |       |       |     1 |       |       |     1 ||     2
 Stab: Sleeping          |     4 |     6 |     4 |       |     1 |     4 ||    19
       Paralysed         |       |       |     2 |       |       |       ||     2
       Distracted        |       |       |       |       |       |     1 ||     1
       Confused          |       |       |       |       |       |     1 ||     1
Armor: Leather armour    |    67 |    24 |       |       |       |       ||    91
       Ring mail         |       |    47 |    96 |     5 |       |       ||   148
       Chain mail        |       |       |       |   165 |   358 |    25 ||   548
       Fire dragon scale |       |       |       |       |       |   162 ||   162
Dodge: Dodged            |   115 |    90 |   199 |   450 |  1318 |   788 ||  2960
Block: Other             |       |    31 |    72 |     4 |       |       ||   107
       Reflection        |       |       |     1 |       |       |       ||     1

Table legend: (Time is in decaauts)
 A = Elapsed time spent in this place.
 B = Non-inter-level travel time spent in this place.
 C = Inter-level travel time spent in this place.
 D = Time resting spent in this place.
 E = Time spent auto-exploring this place.
 F = Levels seen in this place.
 G = Mean time per level.
                   A        B        C        D        E       F      G
               +--------+--------+--------+--------+--------+-----+--------+
         Total |  48217 |  46552 |   1665 |  22985 |  17069 |  26 | 1854.5 |
       Dungeon |  26300 |  25367 |    933 |  10318 |  11398 |  15 | 1753.3 |
        Temple |    230 |    208 |     22 |      0 |    183 |   1 |  230.0 |
          Lair |  14677 |  14109 |    568 |   8764 |   3878 |   6 | 2446.2 |
         Swamp |   1914 |   1914 |      0 |   1480 |    214 |   1 | 1914.0 |
  Orcish Mines |   3394 |   3253 |    141 |   1741 |    960 |   2 | 1697.0 |
        Bailey |   1700 |   1700 |      0 |    681 |    434 |   1 | 1700.0 |
               +--------+--------+--------+--------+--------+-----+--------+

Top non-repeatable levels by time:
  Lair:6: 4122 daAuts
     D:9: 3411 daAuts
    D:13: 3082 daAuts
    D:14: 3047 daAuts
  Lair:4: 2546 daAuts
  Lair:5: 2506 daAuts
     D:8: 2471 daAuts
  Lair:2: 2087 daAuts
    D:10: 1925 daAuts
 Swamp:1: 1914 daAuts
  Lair:1: 1794 daAuts
   Orc:2: 1794 daAuts
    D:12: 1750 daAuts
  Bailey: 1700 daAuts
  Lair:3: 1620 daAuts
